AoeStats
← 竞技场场王

Arena

509337090Analyzed
4v4 RM · 7d ago on Sep 26, 2026· 35m 0s· 8 players
Game mode
Random Map
Map size
Large (8 player)
Population
200
Speed
Normal
Resources
Standard
Victory
Conquest
Starting age
Dark Age
Ending age
Imperial Age
RankedLock teamsTeams togetherTeam positionsShared explorationLock speedFull tech treeHidden civsTurbo modeCheats
Victory
Defeat
🇮🇳 Huns · India
1236
+16
1215
+17
🇩🇪 Danes · Germany
1208
+17
🇮🇳 Khmer · India
1200
+18
🇨🇳 Saxons · China
1302
-19
🇨🇳 Varangians · China
1291
-19
🇨🇳 Mongols · China
1258
-18
🇨🇳 Khmer · China
1114
-12
Sythe
10:21 Feudal Age
13:42 Castle Age
12:27 Double-Bit Axe
12:28 Horse Collar
13:39 Wheelbarrow
14:52 Bow Saw
15:20 Heavy Plow
20:49 Gold Mining
27:19 Imperial Age
25:46 Forging
25:42 Scale Barding Armor
25:25 Loom
26:47 Hand Cart
27:08 Iron Casting
26:46 Bloodlines
26:36 Husbandry
27:56 Chain Barding Armor
27:53 Elite Battle Elephant
31:07 Blast Furnace
32:18 Plate Barding Armor
[FUCKI] Obi-One Canboneme
11:16 Feudal Age
15:03 Castle Age
13:22 Double-Bit Axe
13:23 Horse Collar
14:07 Gold Mining
15:11 Scale Mail Armor
16:16 Forging
16:57 Squires
17:51 Wheelbarrow
18:29 Chain Mail Armor
21:56 Iron Casting
22:19 Bow Saw
27:32 Hand Cart
27:29 Arson
27:44 Squires
28:56 Loom
37:55 Imperial Age
TigerOfThanjai
10:25 Feudal Age
14:09 Castle Age
12:24 Double-Bit Axe
12:25 Horse Collar
21:55 Bow Saw
21:56 Loom
22:20 Heavy Plow
27:44 Imperial Age
25:23 Gold Mining
25:28 Stone Mining
26:55 Wheelbarrow
26:06 Loom
26:18 Fletching
27:20 Gold Shaft Mining
27:46 Bloodlines
27:33 Bodkin Arrow
28:12 Thumb Ring
28:20 Padded Archer Armor
28:43 Ballistics
28:36 Husbandry
28:41 Bracer
29:18 Leather Archer Armor
29:22 Heavy Cavalry Archer
31:16 Parthian Tactics
31:55 Chemistry
32:28 Conscription
32:53 Elite Tarkan
GAMARÚS de CAGABANDÚRRIES
10:39 Feudal Age
12:33 Gold Mining
15:00 Castle Age
12:57 Stone Mining
12:54 Double-Bit Axe
12:57 Horse Collar
13:51 Scale Mail Armor
15:28 Gambesons
15:29 Arson
15:46 Squires
16:22 Chain Mail Armor
16:34 Bow Saw
22:52 Loom
25:21 Forging
27:51 Chain Mail Armor
31:40 Iron Casting
32:47 Wheelbarrow
不学不练
11:09 Feudal Age
12:32 Double-Bit Axe
12:38 Loom
16:23 Castle Age
20:26 Fletching
26:45 Wheelbarrow
32:13 Bodkin Arrow
不太爽
10:06 Feudal Age
14:24 Castle Age
12:17 Double-Bit Axe
12:51 Horse Collar
17:51 Wheelbarrow
18:43 Loom
23:53 Bow Saw
27:38 Imperial Age
25:17 Gold Mining
25:24 Stone Mining
25:50 Heavy Plow
26:17 Bloodlines
26:08 Husbandry
25:28 Light Cavalry
26:23 Scale Barding Armor
26:53 Hand Cart
27:23 Light Cavalry
28:16 Forging
27:38 Cavalier
29:06 Chain Barding Armor
31:47 Hussar
34:48 Stone Shaft Mining
34:51 Conscription
34:47 Vendel Legacy
竞技场场王
9:59 Feudal Age
10:59 Double-Bit Axe
13:41 Castle Age
11:57 Horse Collar
19:03 Wheelbarrow
20:08 Bow Saw
20:15 Gold Mining
20:32 Heavy Plow
21:44 Gold Mining
23:01 Hand Cart
23:11 Stone Mining
24:06 Loom
28:13 Imperial Age
26:33 Town Watch
26:49 Scale Mail Armor
26:40 Fletching
27:01 Forging
26:56 Man-at-Arms
28:01 Chain Mail Armor
28:07 Squires
27:53 Gambesons
27:50 Long Swordsman
29:29 Iron Casting
28:45 Two-Handed Swordsman
30:56 Gold Shaft Mining
31:22 Two-Man Saw
30:53 Crop Rotation
30:14 Champion
31:07 Capped Ram
32:23 Conscription
35:01 Plate Mail Armor
34:39 Heavy Scorpion
noob but hard practice
12:20 Feudal Age
16:00 Castle Age
13:45 Horse Collar
13:52 Double-Bit Axe
14:15 Gold Mining
17:10 Bow Saw
17:03 Heavy Plow
18:06 Gold Shaft Mining
20:59 Stone Mining
22:22 Stone Shaft Mining
24:54 Wheelbarrow
25:46 Bloodlines
25:36 Husbandry
28:33 Imperial Age
26:06 Loom
26:32 Husbandry
26:49 Bloodlines
27:16 Hand Cart
27:24 Scale Barding Armor
28:02 Forging
30:03 Iron Casting
30:41 Conscription
31:19 Chain Barding Armor
32:00 Blast Furnace
31:46 Elite Battle Elephant
Connection lost

Rejoining the realm…

Still unreachable

The connection could not be restored.

Session expired

The server has moved on; the page needs a fresh start.